 Dungeon Crawl Stone Soup version 0.16-a0-3329-g1e0feaa (webtiles) character file.

4951 Econoterrorist the Covert (level 10, -6/44 HPs)
             Began as a Spriggan Enchanter on Dec 28, 2014.
             Was an Elder of Dithmenos.
             Mangled by a wolf (12 damage)
             ... led by Grum
             ... on level 10 of the Dungeon.
             The game lasted 00:50:13 (10287 turns).

Econoterrorist the Covert (Spriggan Enchanter)     Turns: 10287, Time: 00:50:13

Health: -6/44      AC:  5    Str:  4    XL:     10   Next: 28%
Magic:  10/28      EV: 22    Int: 21    God:    Dithmenos [****..]
Gold:   521        SH:  0    Dex: 16    Spells: 5 memorised, 5 levels left

rFire  . . .     SeeInvis +     C - +1 dagger (venom)
rCold  . . .     Clarity  .     b - +1 robe
rNeg   . . .     SustAb   .     (shield restricted)
rPois  .         Gourm    .     (helmet restricted)
rElec  .         Spirit   .     z - +1 cloak
rCorr  .         Warding  .     (gloves unavailable)
rMut   +         Stasis   .     (boots unavailable)
MR     +....                    l - amulet of resist mutation
Stlth  +++++++++.               (no ring)
                                (no ring)

@: very slightly contaminated, wreathed by umbra, invisible (expiring), very
quick, somewhat resistant to hostile enchantments, incredibly stealthy
A: unfitting armour, see invisible, herbivore 3, speed 3, slow metabolism 2
a: Shadow Step, Renounce Religion


You were on level 10 of the Dungeon.
You worshipped Dithmenos.
Dithmenos was greatly pleased with you.
You were not hungry.

You visited 1 branch of the dungeon, and saw 10 of its levels.

You collected 521 gold pieces.

Inventory:

Hand weapons
 a - a +1 dagger
 n - a +1 dagger of speed
 u - a +0 blowgun
 C - a +1 dagger of venom (weapon)
Missiles
 v - 3 curare-tipped needles
 w - 7 needles of sleeping
Armour
 b - a +1 robe (worn)
 z - a +1 cloak (worn)
Jewellery
 l - an amulet of resist mutation (around neck)
Magical devices
 G - a wand of enslavement (8)
 K - a wand of hasting (4)
 L - a wand of paralysis (12)
Scrolls
 f - 3 scrolls of enchant weapon
 g - 5 scrolls of magic mapping
 i - 3 scrolls of immolation {unknown}
 j - 4 scrolls of recharging {unknown}
 o - 4 scrolls of amnesia {unknown}
 q - a scroll of identify
 r - 5 scrolls of remove curse
 s - 6 scrolls of enchant armour
 y - 2 scrolls of teleportation {unknown}
 H - a scroll of fog {unknown}
 I - a scroll of noise {unknown}
Potions
 e - a potion of agility
 h - 4 potions of lignification
 k - 4 potions of heal wounds
 m - a potion of ambrosia {unknown}
 p - 2 potions of restore abilities
 x - 6 potions of curing
 B - a potion of berserk rage {unknown}
 F - 3 potions of haste
Books
 c - a book of Maledictions

   Spells                             Type                      Level
   a - Corona                         Hexes                        1
   b - Sure Blade                     Hexes/Charms                 2
   c - Ensorcelled Hibernation        Hexes/Ice                    2
   d - Confuse                        Hexes                        3
   e - Dazzling Spray                 Conjuration/Hexes            3
   f - Enslavement                    Hexes                        4
 A - a book of Burglary

   Spells                             Type                      Level
   a - Swiftness                      Charms/Air                   2
   b - Passwall                       Transmutation/Earth          3
   c - Passage of Golubria            Translocation                4
   d - Lee's Rapid Deconstruction     Earth                        5
   e - Invisibility                   Hexes                        6
   f - Darkness                       Hexes                        7
Comestibles
 d - 5 bread rations
 E - a fruit
 J - a slice of pizza


   Skills:
 - Level 6.6 Short Blades
 - Level 7.0 Dodging
 + Level 14.2 Stealth
 - Level 6.1 Spellcasting
 - Level 10.6 Hexes


You had 5 spell levels left.
You knew the following spells:

 Your Spells              Type           Power        Failure   Level  Hunger
a - Corona                Hex            ######.      1%          1    None
b - Ensorcelled Hibernat  Hex/Ice        ####..       1%          2    None
c - Confuse               Hex            ######..     1%          3    ##.....
d - Enslavement           Hex            ######..     1%          4    ####...
e - Invisibility          Hex            ######..     21%         6    #######


Dungeon Overview and Level Annotations

Branches:
Dungeon (10/15)            Temple (0/1) D:5
   Lair: D:8-11         Orc: D:9-12

Altars:
Ashenzari
Cheibriados
Dithmenos
Fedhas
Makhleb
Qazlal
Sif Muna
Trog

Shops:
D:7 (

Annotations:
D:10 Grum


Innate Abilities, Weirdness & Mutations

You are tiny and cannot use many weapons and most armour.
You have supernaturally acute eyesight.
You are a herbivore.
You cover ground extremely quickly.
You need consume almost no food.


Message History

Aiming: Confuse
Press: ? - help, Shift-Dir - straight line, f/p - wolf
Aim: a wolf (umbra, chance 73%)
The wolf appears confused.
The wolf misses you.
Casting: Confuse
Confirm with . or Enter, or press ? or * to list all spells.
Aiming: Confuse
Press: ? - help, Shift-Dir - straight line, f - wolf, p - wolf
Aim: a wolf (umbra, chance 73%)
The wolf appears confused.
You flicker for a moment.
Grum zaps a wand.
The bolt of lightning misses you.
The bolt of lightning hits the wolf.
The wolf bites you!
You barely miss Grum. Grum hits you with a halberd!
* * * LOW HITPOINT WARNING * * *
The wolf misses you.
There is a stone staircase leading up, spattered with blood here.
The wolf bites itself!
The wolf bites you!
You die...

##... ##.....
##.......
##..............
##h..............
##................
#..g..............
#h................
#@/...............
#<†...............
#..h..............
##................
##.........[.....
##..............
##.............
##............
##...........


You could see Grum and 3 wolves.

Vanquished Creatures
  Maurice (D:9)
  A troll (D:9)
  The ghost of olourkin the Grave Robber, an average DDNe (D:5)
  A two-headed ogre (D:9)
  Eustachio (D:9)
  Menkaure (D:6)
  2 orc warriors
  3 sky beasts
  An ice beast (D:6)
  A centaur (D:9)
  A black bear (D:6)
  A phantom (D:8)
  3 ogres
  Sigmund (D:7)
  Duvessa (D:9)
  A crocodile (D:9)
  A big kobold (D:8)
  A gnoll sergeant (D:5)
  Blork the orc (D:6)
  5 giant frogs
  A wight (D:9)
  7 killer bees
  2 giant frog zombies
  5 goliath beetles
  Dowan (D:9)
  3 crimson imps
  4 orc priests
  3 hounds
  A jelly (D:9)
  9 orc wizards
  3 giant frog skeletons (D:9)
  An iguana (D:9)
  2 centaur skeletons
  9 worker ants
  Jessica (D:3)
  A killer bee zombie (D:9)
  A hound zombie (D:9)
  Robin (D:2)
  9 adders
  5 gnolls (D:5)
  2 shadow imps (D:7)
  2 giant mites (D:3)
  6 worms
  2 adder skeletons
  2 adder zombies
  4 giant geckos
  4 oozes
  28 orcs
  A bat skeleton (D:6)
  A bat zombie (D:5)
  5 giant cockroaches
  11 hobgoblins
  4 jackals (D:8)
  4 quokkas
  A ball python (D:3)
  12 bats
  A giant gecko skeleton (D:8)
  4 giant newts
  24 goblins
  22 kobolds
  A quokka skeleton (D:6)
  A quokka zombie (D:5)
  10 rats
  4 ballistomycetes (D:10)
254 creatures vanquished.

Vanquished Creatures (others)
  3 killer bees (D:10)
  A giant spore (D:10)
4 creatures vanquished.

Grand Total: 258 creatures vanquished

Notes
Turn   | Place    | Note
--------------------------------------------------------------
     0 | D:1      | Econoterrorist, the Spriggan Enchanter, began the quest for the Orb.
     0 | D:1      | Reached XP level 1. HP: 9/9 MP: 4/4
   309 | D:1      | Reached skill level 5 in Stealth
   459 | D:1      | Reached XP level 2. HP: 8/13 MP: 3/7
   464 | D:1      | Learned a level 2 spell: Ensorcelled Hibernation
  1013 | D:2      | Noticed Robin
  1177 | D:1      | Reached skill level 6 in Stealth
  1397 | D:2      | Killed Robin
  1397 | D:2      | Reached XP level 3. HP: 16/16 MP: 3/9
  1758 | D:2      | Found a deep blue altar of Sif Muna.
  1819 | D:2      | Reached skill level 7 in Stealth
  1922 | D:2      | Reached XP level 4. HP: 21/21 MP: 12/12
  2061 | D:2      | Found a snail-covered altar of Cheibriados.
  2196 | D:2      | Learned a level 3 spell: Confuse
  2416 | D:3      | Reached skill level 8 in Stealth
  2475 | D:3      | Noticed Jessica
  2486 | D:3      | Killed Jessica
  2700 | D:3      | Reached XP level 5. HP: 24/24 MP: 7/17
  3213 | D:4      | Found a shadowy altar of Dithmenos.
  3219 | D:4      | Became a worshipper of Dithmenos the Shadowed
  3318 | D:4      | Found a burning altar of Makhleb.
  3347 | D:4      | Reached skill level 5 in Spellcasting
  3690 | D:4      | Reached XP level 6. HP: 28/28 MP: 12/21
  3782 | D:5      | Entered Level 5 of the Dungeon
  3782 | D:5      | Found a staircase to the Ecumenical Temple.
  4529 | D:5      | Reached XP level 7. HP: 32/32 MP: 21/24
  4548 | D:5      | Noticed olourkin's ghost (average DDNe)
  4736 | D:5      | Reached skill level 5 in Short Blades
  4950 | D:5      | Learned a level 4 spell: Enslavement
  4977 | D:5      | Killed olourkin's ghost
  5952 | D:6      | Noticed Menkaure
  5956 | D:6      | Killed Menkaure
  5956 | D:6      | Reached skill level 5 in Hexes
  5956 | D:6      | Reached XP level 8. HP: 36/36 MP: 25/25
  6018 | D:6      | Acquired Dithmenos' first power
  6274 | D:6      | Reached skill level 9 in Stealth
  6282 | D:6      | Noticed Blork the orc
  6298 | D:6      | Killed Blork the orc
  6298 | D:6      | Reached skill level 10 in Stealth
  6479 | D:6      | Reached skill level 11 in Stealth
  6643 | D:7      | Found a bloodstained altar of Trog.
  6680 | D:7      | Reached skill level 5 in Dodging
  6751 | D:7      | Reached XP level 9. HP: 32/39 MP: 16/26
  6966 | D:7      | Found Ygast's Weapon Emporium.
  6969 | D:7      | Noticed Sigmund
  6981 | D:7      | Killed Sigmund
  7274 | D:7      | Found a blossoming altar of Fedhas.
  7274 | D:7      | Found a shattered altar of Ashenzari.
  7390 | D:8      | Acquired Dithmenos' second power
  8212 | D:9      | Noticed Maurice
  8217 | D:9      | Killed Maurice
  8217 | D:9      | Reached skill level 10 in Hexes
  8226 | D:9      | Found a stormy altar of Qazlal.
  8287 | D:9      | Noticed Eustachio
  8294 | D:9      | Killed Eustachio
  8368 | D:9      | Noticed Dowan
  8817 | D:9      | Noticed Duvessa
  8823 | D:9      | Killed Dowan
  8836 | D:9      | Reached skill level 12 in Stealth
  8863 | D:9      | Killed Duvessa
  8957 | D:9      | Reached XP level 10. HP: 44/44 MP: 25/28
  9200 | D:9      | Reached skill level 13 in Stealth
  9662 | D:9      | Learned a level 6 spell: Invisibility
  9679 | D:10     | Entered Level 10 of the Dungeon
 10090 | D:10     | Acquired Dithmenos' third power
 10090 | D:10     | Reached skill level 14 in Stealth
 10218 | D:10     | Noticed Grum
 10287 | D:10     | Mangled by a wolf

Action                   |  1- 3 |  4- 6 |  7- 9 | 10-12 || total
-------------------------+-------+-------+-------+-------++-------
Melee: Dagger            |    72 |   145 |   262 |   124 ||   603
 Cast: Corona            |     2 |       |       |       ||     2
       Ensorcelled Hiber |    18 |    73 |    90 |    22 ||   203
       Confuse           |       |     2 |    13 |     3 ||    18
       Enslavement       |       |       |       |     6 ||     6
       Invisibility      |       |       |       |     1 ||     1
Invok: Shadow Step       |       |       |     2 |       ||     2
Evoke: Wand              |       |       |       |     1 ||     1
  Use: Scroll            |       |     1 |       |    10 ||    11
 Stab: Sleeping          |    22 |    55 |    85 |    16 ||   178
       Distracted        |     1 |       |     1 |     1 ||     3
       Confused          |       |     2 |     8 |     1 ||    11
  Eat: Fruit             |       |     4 |     1 |       ||     5
       Bread ration      |       |       |     1 |       ||     1
